 Seeded DCSS version 0.29.1-15-g9cfb28693d (webtiles) character file.

Game seed: 1019281591211795276 (custom seed)

16712 bmack86 the Protected (level 12, -15/108 HPs)
             Began as a Minotaur Fighter on Apr 13, 2023.
             Was an Elder of Okawaru.
             Demolished by a red ugly thing (18 damage)
             ... on level 12 of the Dungeon.
             The game lasted 00:25:43 (11917 turns).

bmack86 the Protected (Minotaur Fighter)           Turns: 11917, Time: 00:25:45

Health: -15/108    AC: 25    Str: 25    XL:     12   Next: 12%
Magic:  13/13      EV:  6    Int:  5    God:    Okawaru [****..]
Gold:   256        SH: 12    Dex: 11    Spells: 11/11 levels left

rFire   . . .      SeeInvis .   e - +4 broad axe of Vodka {vorpal, rN+ Will+ rCorr}
rCold   + . .      Faith    .   o - +1 kite shield {AC+3}
rNeg    + + .      Spirit   .   c - +0 plate armour
rPois   .          Reflect  .   (helmet restricted)
rElec   +          Harm     .   (no cloak)
rCorr   +          Rampage  .   (no gloves)
Will    +....                   F - +0 pair of boots
Stlth   ..........              (no amulet)
HPRegen 0.28/turn               f - ring "Taoxat" {rElec rC+ rN+ Slay+3}
MPRegen 0.13/turn               y - +4 ring of protection

@: spiked, studying Armour
A: horns 2, retaliatory headbutt
a: Renounce Religion, Heroism, Finesse


You were on level 12 of the Dungeon.
You worshipped Okawaru.
Okawaru was greatly pleased with you.
You visited 2 branches of the dungeon, and saw 13 of its levels.

You collected 564 gold pieces.
You spent 308 gold pieces at shops.

Inventory:

Hand Weapons
 a - a +0 war axe
 e - the +4 broad axe of Vodka (weapon) {vorpal, rN+ Will+ rCorr}
   (You acquired it on level 3 of the Dungeon)

   It inflicts extra damage upon your enemies.
   rN:        It protects you from negative energy.
   rCorr:     It protects you from acid and corrosion.
   Will:      It increases your willpower.
 m - the +9 broad axe of the Eternal Warrior {freeze, Str+7 Dex-3}
   (You found it on level 11 of the Dungeon)

   It freezes those it strikes, dealing additional cold damage.
   It can also slow down cold-blooded creatures.
   Str:       It affects your strength (+7).
   Dex:       It affects your dexterity (-3).
 E - a +3 war axe of freezing
Missiles
 b - 4 boomerangs
 g - 29 poisoned darts (quivered)
Armour
 c - a +0 plate armour (worn)
 o - a +1 kite shield of protection (worn)
 B - a +3 scale mail
 F - a +0 pair of boots (worn)
 G - a +1 chain mail of poison resistance
Jewellery
 f - the ring "Taoxat" (left hand) {rElec rC+ rN+ Slay+3}
   (You acquired it on level 3 of the Dungeon)

   [ring of positive energy]

   Slay:      It affects your accuracy & damage with ranged weapons and melee
   (+3).
   rC:        It protects you from cold.
   rElec:     It insulates you from electricity.
   rN:        It protects you from negative energy.
 y - a +4 ring of protection (right hand)
Wands
 i - a wand of mindburst (9)
 q - a wand of polymorph (17)
 r - a wand of roots (17)
 s - a wand of flame (35)
 x - a wand of paralysis (17)
Scrolls
 h - 2 scrolls of magic mapping {unknown}
 k - 4 scrolls of teleportation
 l - 2 scrolls of immolation
 p - a scroll of fear
 u - a scroll of amnesia
Potions
 d - a potion of might
 j - 7 potions of curing
 n - a potion of magic
 t - 3 potions of flight
 v - 2 potions of lignification
 w - a potion of brilliance
 z - 2 potions of attraction {unknown}
 A - a potion of resistance {unknown}
 C - 3 potions of berserk rage
 D - a potion of ambrosia {unknown}
 H - a potion of haste


   Skills:
 + Level 10.7 Fighting
 * Level 14.2 Axes
 + Level 5.8 Throwing
 + Level 14.3 Armour
 + Level 10.7 Shields
 + Level 3.5 Invocations


You had 11 spell levels left.
You didn't know any spells.
Your spell library contained the following spells:

 Spells                   Type           Power      Damage    Failure   Level
 Apportation              Tloc           0%         N/A       100%        1
 Freeze                   Ice            0%         1d3       100%        1
 Necrotise                Necr           0%         1d4       100%        1
 Ensorcelled Hibernation  Hex/Ice        0%         N/A       100%        2
 Frozen Ramparts          Ice            0%         1d1       100%        3
 Spider Form              Tmut/Pois      0%         N/A       100%        3
 Anguish                  Hex/Necr       0%         N/A       100%        4
 Hailstorm                Conj/Ice       0%         3d3       100%        4
 Ice Form                 Ice/Tmut       0%         N/A       100%        4
 Passage of Golubria      Tloc           0%         N/A       100%        4
 Fireball                 Conj/Fire      0%         3d3       100%        5
 Iskenderun's Battlesphe  Conj           0%         2d6       100%        5
 Silence                  Hex/Air        0%         N/A       100%        5
 Conjure Ball Lightning   Conj/Air       0%         3x3d6     100%        6
 Orb of Destruction       Conj           0%         9d5       100%        7
 Lehudib's Crystal Spear  Conj/Erth      0%         10d2      100%        8
 Summon Small Mammal      Summ           Unusable   N/A       N/A         1
 Summon Ice Beast         Ice/Summ       Unusable   N/A       N/A         4
 Simulacrum               Ice/Necr       Unusable   N/A       N/A         6

Dungeon Overview and Level Annotations

Branches:
Dungeon (12/15)            Temple (1/1) D:5            Lair (0/5) D:10
    Orc (0/2) D:10

Altars:
Ashenzari
Dithmenos
Elyvilon
Gozag
Hepliaklqana
Kikubaaqudgha
Nemelex Xobeh
Okawaru
Qazlal
Ru
Sif Muna
Trog
Xom
Yredelemnul

Shops:
D:2 ?   D:11 ?

Annotations:
D:3 2 transporters, memesarefunni's ghost, weakling MiHu


Innate Abilities, Weirdness & Mutations

You have a pair of horns on your head.
You reflexively headbutt those who attack you in melee.


Message History

Unknown command.
You closely miss the red ugly thing.
Your headbutt misses the red ugly thing.
You completely miss the troll. You block the troll's attack.
The troll claws you but does no damage. The troll barely misses you.
The red ugly thing pecks you!
You are engulfed in flames!!
The manticore flicks its tail.
The volley of spikes hits you but does no damage.
You hit the red ugly thing.
Your headbutt misses the red ugly thing.
The red ugly thing is lightly wounded.
You hit the troll. You block the troll's attack.
The troll claws you but does no damage. You block the troll's attack.
The red ugly thing completely misses you.
Unknown command.
You slash the red ugly thing! You headbutt the red ugly thing.
The red ugly thing is moderately wounded.
You hit the troll. The troll completely misses you.
You block the troll's attack. The troll claws you but does no damage.
You block the red ugly thing's attack.
Unknown command.
You slash the red ugly thing!
The red ugly thing is heavily wounded.
You closely miss the troll. You hit the manticore but do no damage.
The troll bites you but does no damage. The troll claws you but does no damage.
You block the troll's attack. The red ugly thing pecks you!
You are engulfed in flames!!
* * * LOW HITPOINT WARNING * * *
The manticore bites you.
* * * LOW HITPOINT WARNING * * *
You block the manticore's attack. The manticore claws you!
* * * LOW HITPOINT WARNING * * *
You feel better. The troll bites you but does no damage.
The troll claws you but does no damage. You block the troll's attack.
The manticore bites you but does no damage.
The manticore claws you but does no damage. x2
The red ugly thing pecks you.
* * * LOW HITPOINT WARNING * * *
You are engulfed in flames!!
You die...

...#.......##......##...#
#..#......#.#......###..#
#.................######
#..#..#.#....#.#...## ..
##..##..###.#....# .
#...#..# ###...##
.######....# #####
......#...## ......T@...#
......Hu..## ..........#
...........#
.............
...^..........
..............#
.............##


You could see a red ugly thing, a manticore and a troll.

Vanquished Creatures
  An ice dragon (D:11)
  2 boulder beetles
  3 two-headed ogres
  A deep elf pyromancer (D:12)
  2 manticores (D:11)
  A cyclops (D:10)
  Joseph (D:7)
  A gargoyle (D:11)
  Maggie (D:9)
  Psyche (D:12)
  A komodo dragon (D:12)
  3 rime drakes (D:11)
  2 trolls (D:11)
  Prince Ribbit (D:5)
  A polar bear (D:10)
  Grinder (D:3)
  2 centaur simulacra (D:11)
  2 shadows
  A wraith (D:10)
  3 wyverns
  13 yaks
  Grum (D:11)
  A steam dragon (D:6)
  2 vampire mosquitoes (D:12)
  Menkaure (D:5)
  An acid dragon (D:10)
  A water moccasin (D:6)
  4 ice beasts
  6 orc warriors
  A black bear (D:5)
  3 ogres
  3 wolves (D:11)
  3 centaurs
  2 kobold brigands
  A phantom (D:4)
  2 bullfrogs
  A gnoll sergeant (D:11)
  2 scorpions (D:6)
  15 wights
  7 killer bees (D:9)
  3 howler monkeys
  4 jellies
  8 orc priests
  A hound (D:7)
  2 gnoll boudas
  An iguana (D:4)
  10 orc wizards
  11 gnolls
  7 adders
  3 shadow imps
  3 white imps
  2 ufetubi
  A worm (D:4)
  A dart slug (D:3)
  33 orcs
  10 ball pythons
  5 bats
  5 endoplasms
  8 giant cockroaches
  9 goblins
  6 hobgoblins
  18 kobolds
  4 quokkas
  8 frilled lizards
  6 rats
270 creatures vanquished.

Vanquished Creatures (others)
  An orc wizard (D:10)
  7 fungi (D:1)
  10 plants
18 creatures vanquished.

Grand Total: 288 creatures vanquished

Notes
Turn   | Place    | Note
-------+----------+-------------------------------------------
     0 | D:1      | bmack86 the Minotaur Fighter began the quest for the Orb.
     0 | D:1      | Reached XP level 1. HP: 19/19 MP: 0/0
   367 | D:1      | Reached XP level 2. HP: 27/27 MP: 1/1
   427 | D:1      | Found a faded altar of an unknown god.
   814 | D:1      | Reached XP level 3. HP: 33/33 MP: 2/2
  1532 | D:2      | Found Seuseagikh's Magic Scroll Shoppe.
  1540 | D:2      | Bought a scroll of identify for 28 gold pieces
  1540 | D:2      | Bought a scroll of teleportation for 42 gold pieces
  1700 | D:3      | Identified 4 scrolls of acquirement
  1700 | D:3      | Acquired the ring "Taoxat" {rElec rC+ rN+ Slay+3}
  1703 | D:3      | Acquired a manual of Armour
  1705 | D:3      | Acquired a +0 kite shield of protection
  1716 | D:3      | Acquired the +4 broad axe of Vodka {vorpal, rN+ Will+
                  | rCorr}
  1911 | D:3      | Found a transporter.
  1950 | D:3      | Reached XP level 4. HP: 40/40 MP: 3/3
  2078 | D:3      | Noticed Grinder
  2082 | D:3      | Killed Grinder
  2083 | D:3      | Reached skill level 5 in Axes
  2083 | D:3      | Reached skill level 5 in Armour
  2083 | D:3      | Reached XP level 5. HP: 47/47 MP: 4/4
  2086 | D:3      | Reached XP level 6. HP: 55/55 MP: 5/5
  2257 | D:3      | Found a transporter.
  2298 | D:3      | Noticed memesarefunni's ghost (weakling MiHu)
  2734 | D:4      | Reached skill level 5 in Fighting
  2775 | D:4      | Reached skill level 5 in Shields
  2840 | D:4      | Reached XP level 7. HP: 18/61 MP: 6/6
  3292 | D:5      | Entered Level 5 of the Dungeon
  3298 | D:5      | Found a staircase to the Ecumenical Temple.
  3311 | Temple   | Entered the Ecumenical Temple
  3345 | D:5      | Found an ancient bone altar of Kikubaaqudgha.
  3385 | D:5      | Noticed Prince Ribbit
  3389 | D:5      | Found a shimmering altar of Xom.
  3399 | D:5      | Killed Prince Ribbit
  3414 | D:5      | Found a basalt altar of Yredelemnul.
  3534 | D:5      | Noticed Menkaure
  3541 | D:5      | Killed Menkaure
  3542 | D:5      | Reached XP level 8. HP: 64/70 MP: 7/7
  4712 | D:6      | Reached XP level 9. HP: 62/79 MP: 8/8
  5446 | D:7      | Reached skill level 10 in Armour
  5447 | D:7      | Noticed Joseph
  5459 | D:7      | Killed Joseph
  5460 | D:7      | Reached skill level 10 in Axes
  5469 | D:7      | Found a shadowy altar of Dithmenos.
  5477 | D:7      | HP: 1/81 [orc warrior/+0 halberd (12)]
  5969 | D:7      | Identified the +1 dagger "Tesoudurgh" {flame, rElec rPois
                  | Will+++ Str-5}
  6652 | D:8      | Found a shimmering blue altar of Sif Muna.
  6669 | D:8      | Reached skill level 1 in Throwing
  6699 | D:8      | Reached XP level 10. HP: 80/90 MP: 9/9
  6790 | D:8      | Found a stormy altar of Qazlal.
  6938 | D:8      | Noticed a boulder beetle
  6950 | D:8      | Killed a boulder beetle
  7413 | D:8      | Found a hazy altar of Hepliaklqana.
  7445 | D:8      | Identified the +1 leather armour of Xullow Icwe {Will++}
  7837 | D:9      | Noticed Maggie
  7844 | D:9      | Killed Maggie
  8054 | D:9      | Identified the +1 leather armour of Amunefisi {Int+4}
  8537 | D:9      | Noticed a two-headed ogre
  8543 | D:9      | Killed a two-headed ogre
  8642 | D:9      | Found a white marble altar of Elyvilon.
  8712 | D:10     | Entered Level 10 of the Dungeon
  8798 | D:10     | Reached XP level 11. HP: 88/97 MP: 10/10
  8803 | D:10     | Found a staircase to the Lair.
  9217 | D:10     | Found a staircase to the Orcish Mines.
  9346 | D:10     | Identified the +9 sling of Inquiry {speed, rCorr}
  9489 | D:10     | Found an opulent altar of Gozag.
  9517 | D:10     | Found an iron altar of Okawaru.
  9518 | D:10     | Found a sacrificial altar of Ru.
  9519 | D:10     | Found a bloodstained altar of Trog.
  9527 | D:10     | Became a worshipper of Warmaster Okawaru
  9600 | D:11     | Found Zailiq's Magic Scroll Boutique.
  9610 | D:11     | Bought a scroll of blinking for 105 gold pieces
  9610 | D:11     | Bought a scroll of identify for 28 gold pieces
  9610 | D:11     | Bought a scroll of enchant armour for 105 gold pieces
  9773 | D:11     | Reached skill level 1 in Invocations
  9842 | D:11     | Noticed an ice dragon
  9851 | D:11     | Reached * piety under Okawaru
  9852 | D:11     | Reached skill level 10 in Fighting
  9895 | D:11     | Reached skill level 10 in Shields
  9982 | D:11     | Killed an ice dragon
 10367 | D:10     | Reached ** piety under Okawaru
 10368 | D:10     | Reached skill level 5 in Throwing
 10789 | D:11     | Got the +9 broad axe of the Eternal Warrior {freeze, Str+7
                  | Dex-3}
 11160 | D:11     | Noticed a two-headed ogre
 11170 | D:11     | Killed a two-headed ogre
 11170 | D:11     | Reached *** piety under Okawaru
 11174 | D:11     | Noticed a boulder beetle
 11207 | D:11     | Killed a boulder beetle
 11520 | D:11     | Noticed Grum
 11533 | D:11     | Killed Grum
 11533 | D:11     | Reached **** piety under Okawaru
 11785 | D:12     | Received a gift from Okawaru
 11801 | D:12     | Noticed Psyche
 11804 | D:12     | Noticed a two-headed ogre
 11810 | D:12     | Noticed a deep elf pyromancer
 11812 | D:12     | Killed Psyche
 11813 | D:12     | Reached XP level 12. HP: 100/108 MP: 11/13
 11815 | D:12     | Killed a two-headed ogre
 11916 | D:12     | HP: 2/108 [manticore (7)]
 11917 | D:12     | Demolished by a red ugly thing

Illustrated notes

Levels and vault maps discovered:
D:1:      wander_arrival_lonely_grave, layout_basic,
          shapermc_ecumenical_altar_hornbeckon, minmay_small_reverse_x
D:2:      layout_rooms, serial_shops, nicolae_shop_advertising_works
          [nicolae_subvault_shop_adworks]
D:3:      layout_basic, gammafunk_ghost_gnarly_gnolls, uniq_grinder
D:4:      layout_loops_ring, serial_bayou_pond_b, grunt_decor_mini_mirrors,
          kennysheep_big_empty_room
D:5:      kennysheep_six_static_rooms, layout_basic, kiku_gazebo_garden_becter,
          mainiacjoe_overflow_catwalk_spiral, temple_pool_b,
          uniq_prince_ribbit1, uniq_menkaure
D:6:      layout_basic
D:7:      layout_basic, nicolae_dithmenos_shadow_blocks, uniq_joseph
D:8:      layout_basic, nicolae_qazlal_general_emergency, lemuel_doored_altar,
          nicolae_sif_muna_little_library, nicolae_figureground_pulse
D:9:      layout_loops_corners, kennysheep_mini_moat, uniq_maggie
D:10:     layout_cave_pools, mainiacjoe_overflow_alcove_3, lair_entry_dummy,
          erik_orc_3, kennysheep_minor_cross, item_on_display_a
D:11:     minmay_coctagon, layout_irregular_city, serial_shops,
          nicolae_shop_statue_plus, uniq_grum
D:12:     layout_cave_pools, uniq_psyche
Temple:   nicolae_temple_two_arcs

Skill      XL: |  1  2  3  4  5  6  7  8  9 10 11 |
---------------+----------------------------------+-----
Axes           | 3 5 6 7 9 11 12 14 | 14.2
Shields        | 4 5 6 7 8 9 10 | 10.7
Fighting       | 4 5 6 7 8 9 10 | 10.7
Armour         | 4 5 6 7 9 11 12 14 | 14.3
Throwing       | 1 4 5 |  5.8
Invocations    | 3 |  3.5

Action                   |  1- 3 |  4- 6 |  7- 9 | 10-12 || total
-------------------------+-------+-------+-------+-------++-------
Melee: War axe           |    72 |       |       |       ||    72
       Headbutt          |     8 |     5 |    32 |    50 ||    95
       Broad axe         |    19 |    35 |   172 |   243 ||   469
Throw: Boomerang         |       |       |       |    11 ||    11
       Dart              |       |       |       |    11 ||    11
Invok: Heroism           |       |       |       |     3 ||     3
Evoke: Wand              |       |       |    11 |       ||    11
  Use: Scroll            |     6 |     1 |     5 |    10 ||    22
       Potion            |       |     1 |     2 |     1 ||     4
Armor: Scale mail        |    11 |       |    21 |       ||    32
       Chain mail        |    51 |    13 |    43 |       ||   107
       Plate armour      |       |       |     6 |   213 ||   219
Dodge: Dodged            |    44 |     9 |    62 |    67 ||   182
Block: Buckler           |    21 |       |       |       ||    21
       Kite shield       |    13 |    12 |   100 |   181 ||   306
